 Dungeon Crawl Stone Soup version 0.26.0-10-g1f06aea511 (webtiles) character file.

Game seed: 9565126051562410264

79 Borgoz the Slasher (level 4, -1/36 HPs)
             Began as a Ghoul Gladiator on Jan 30, 2021.
             Slain by a scorpion (6 damage)
             ... on level 2 of the Dungeon.
             The game lasted 00:01:29 (1738 turns).

Borgoz the Slasher (Ghoul Gladiator)                Turns: 1738, Time: 00:01:30

Health: -1/36      AC:  4    Str: 14 (17) XL:     4   Next: 38%
Magic:  3/3        EV: 12    Int:  2 (3)  God:
Gold:   109        SH:  0    Dex: 10 (11) Spells: 3/3 levels left

rFire    . . .     SeeInvis .   a - +0 long sword
rCold    + . .     Faith    .   (no shield)
rNeg     + + +     Spirit   .   b - +0 leather armour
rPois    ∞         Reflect  .   c - +0 helmet
rElec    .         Harm     .   (no cloak)
rCorr    .         Rampage  .   (no gloves)
Will     .....                  (no boots)
Stlth    +.........             (no amulet)
HPRegen  0.00/turn              (no ring)
MPRegen  0.08/turn              (no ring)

@: brilliant, flying
A: claws 1, cold resistance 1, negative energy resistance 3, inhibited
regeneration, torment resistance, unbreathing
a: no special abilities


You were on level 2 of the Dungeon.
You visited 1 branch of the dungeon, and saw 2 of its levels.

You collected 109 gold pieces.

Inventory:

Hand Weapons
 a - a +0 long sword (weapon)
Armour
 b - a +0 leather armour (worn)
 c - a +0 helmet (worn)
Jewellery
 m - a +4 ring of protection {unknown}
 n - an uncursed amulet of guardian spirit {unknown}
Scrolls
 e - a scroll of identify
 f - 2 scrolls of remove curse
 k - a scroll of immolation {unknown}
 l - a scroll of enchant weapon {unknown}


   Skills:
 - Level 2.1 Fighting
 * Level 3.8 Long Blades
 - Level 1.7 Throwing
 + Level 1.4 Armour
 + Level 3.2 Dodging


You had 3 spell levels left.
You didn't know any spells.
Your spell library was empty.

Dungeon Overview and Level Annotations

Branches:
Dungeon (2/15)

Altars:
Okawaru
Xom
Zin

Annotations:
D:2 2 transporters, Sigmund


Innate Abilities, Weirdness & Mutations

You thrive by killing the living.
You are immune to poison.
You have sharp fingernails.
Your flesh is cold resistant. (rC+)
You are immune to negative energy. (rN+++)
You do not regenerate when monsters are visible.
You are immune to unholy pain and torment.
You can survive without breathing.


Message History

Press: ? - help, Q - select action Shift-Dir - straight line, f/p - Sigmund
Aim: Sigmund, wielding a +0 scythe and wearing a +0 robe (heavily wounded)
You throw a throwing net. The throwing net hits Sigmund.
Sigmund is caught in the net!
Sigmund is heavily wounded.
The scorpion barely misses you.
Sigmund points at himself and mumbles some strange words.
Sigmund flickers and vanishes!
Deactivating autopickup; reactivate with Ctrl-A.
Something wriggles in the net.
You hit something. The scorpion stings you.
* * * LOW HITPOINT WARNING * * *
You feel better. The scorpion barely misses you.
Something wriggles in the net.
You closely miss something. The scorpion closely misses you.
You riposte.
You hit the scorpion but do no damage.
The scorpion is moderately wounded.
Something wriggles in the net.
The scorpion stings you.
* * * LOW HITPOINT WARNING * * *
You hit something.
Something wriggles in the net.
The scorpion stings you.
You die...

#.# #.###
#..##.#
... #.#
#...... ..
###.#
#...##.##
#...#
#..####.##
#.### #..#
#.# ##.#
#.# ..#
#..# #.
### #.## .
#@#
......{s#
#####....
#.....
......#
.##..#.#
## ?..#..
..#####


You could see a scorpion.

Vanquished Creatures
  A gnoll (D:1)
  3 adders (D:2)
  An ooze (D:2)
  A dart slug (D:1)
  2 leopard geckos (D:1)
  2 bats (D:1)
  A giant cockroach (D:1)
  4 goblins
  3 hobgoblins
  4 jackals (D:1)
  A ball python (D:1)
  2 frilled lizards
  5 kobolds (D:1)
  3 rats
33 creatures vanquished.

Notes
Turn   | Place    | Note
-------+----------+-------------------------------------------
     0 | D:1      | Borgoz the Ghoul Gladiator began the quest for the Orb.
     0 | D:1      | Reached XP level 1. HP: 17/17 MP: 0/0
    79 | D:1      | Reached XP level 2. HP: 24/24 MP: 1/1
   531 | D:1      | Reached XP level 3. HP: 29/29 MP: 2/2
   660 | D:1      | Reached skill level 1 in Armour
  1479 | D:2      | Reached XP level 4. HP: 32/36 MP: 3/3
  1507 | D:2      | Found a transporter.
  1507 | D:2      | Noticed a bullfrog
  1509 | D:2      | Found a transporter.
  1524 | D:2      | Found a glowing silver altar of Zin.
  1645 | D:2      | Found a shimmering altar of Xom.
  1649 | D:2      | Found an iron altar of Okawaru.
  1716 | D:2      | Noticed Sigmund
  1738 | D:2      | Slain by a scorpion

Illustrated notes

Levels and vault maps discovered:
D:1:      psy_arrival_radial02, layout_basic
D:2:      layout_rooms, gammafunk_temple_overflow_arena,
          grunt_temple_overflow_open, kennysheep_generic_room_7, uniq_sigmund

Skill      XL: |  1  2  3 |
---------------+----------+-----
Long Blades    | 3 |  3.8
Dodging        | 3 |  3.2
Armour         | 1 |  1.4
Fighting       | |  2.1
Throwing       | |  1.7

Action                   |  1- 3 |  4- 6 || total
-------------------------+-------+-------++-------
Melee: Long sword        |    92 |    23 ||   115
Throw: Throwing net      |     1 |     2 ||     3
  Use: Potion            |       |     5 ||     5
       Scroll            |       |     1 ||     1
 Stab: Held in net/web   |       |     1 ||     1
Armor: Leather armour    |    32 |     6 ||    38
Dodge: Dodged            |    71 |    22 ||    93
       Rpst.: Long sword |    17 |     7 ||    24
